[Event "ICC tourney 2154 (40 10)"]
[Site "Internet Chess Club"]
[Date "2020.11.22"]
[Round "3"]
[White "thanhcaptures"]
[Black "danielfan"]
[Result "1-0"]
[ICCResult "Black checkmated"]
[WhiteElo "1192"]
[BlackElo "550"]
[Opening "two knights: Max Lange attack"]
[ECO "C55"]
[NIC "KP.02"]
[Time "15:34:04"]
[TimeControl "2400+10"]

1. e4 e5 2. Nf3 Nc6 3. Bc4 Nf6 4. d4 exd4 5. O-O Bc5 6. e5 Ng8 7. Bg5 Nge7
8. c3 dxc3 9. Nxc3 O-O 10. Ne4 Bb6 11. Qd2 h6 12. Nf6+ gxf6 13. Bxf6 Kh7 14.
Qd3+ Kg8 15. Ng5 hxg5 16. Qh3 Ng6 17. Bxd8 Rxd8 18. Bxf7+ Kg7 19. Qf5 Nce7
20. Qf6+ Kh6 21. Bxg6 Bc5 22. Bf5+ Kh5 23. g4+ Kh4 24. Qh6# {Black
checkmated} 1-0

[Event "ICC tourney 2154 (40 10)"]
[Site "Internet Chess Club"]
[Date "2020.11.22"]
[Round "3"]
[White "danielcao"]
[Black "falcon2020"]
[Result "1-0"]
[ICCResult "Black resigns"]
[WhiteElo "1047"]
[BlackElo "1208"]
[Opening "Petrov: Cozio (Lasker) attack"]
[ECO "C42"]
[NIC "RG.03"]
[Time "15:34:00"]
[TimeControl "2400+10"]

1. e4 e5 2. Nf3 Nf6 3. Nxe5 d6 4. Nf3 Nxe4 5. Qe2 Qe7 6. d3 Nf6 7. Nc3 Nc6
8. Bg5 Qxe2+ 9. Bxe2 Be7 10. O-O O-O 11. Rab1 Nb4 12. a3 Nbd5 13. Nxd5 Nxd5
14. Bxe7 Nxe7 15. d4 Nd5 16. Bc4 Nb6 17. Bb3 d5 18. Ne5 f6 19. Nd3 Bf5 20.
Nf4 c6 21. Rbc1 g5 22. Ne2 Rfe8 23. Ng3 Bg6 24. Rfe1 Kf7 25. f3 Nc4 26. Bxc4
dxc4 27. c3 Bd3 28. Ne4 Re7 29. Nd6+ Kf8 30. Rxe7 Kxe7 31. Nxb7 Rb8 32. Nc5
Rxb2 33. Re1+ Kf7 34. Re6 Rc2 35. Rxc6 Rxc3 36. Nxd3 Rxd3 37. Rxc4 Rxa3 38.
Rc7+ Kg6 39. d5 h5 40. d6 a5 41. d7 Rd3 42. Ra7 Rd5 43. Rxa5 Rxd7 44. Kf2
Rd2+ 45. Kg3 h4+ 46. Kh3 f5 47. Ra6+ Kh5 48. g4+ fxg4+ {Black resigns} 1-0

[Event "ICC tourney 2154 (40 10)"]
[Site "Internet Chess Club"]
[Date "2020.11.22"]
[Round "3"]
[White "andrewj508"]
[Black "wildrumpus"]
[Result "0-1"]
[ICCResult "White resigns"]
[WhiteElo "1263"]
[BlackElo "1482"]
[Opening "Queen's pawn: London system"]
[ECO "A45"]
[NIC "QP.07"]
[Time "15:34:04"]
[TimeControl "2400+10"]

1. d4 Nf6 2. Bf4 c5 3. c3 Qb6 4. Nd2 cxd4 5. cxd4 Qxd4 6. e3 Qb6 7. Ngf3 Nc6
8. Bd3 g6 9. O-O Bg7 10. Nc4 Qd8 11. Nce5 O-O 12. Nxc6 bxc6 13. Qa4 a5 14.
Rab1 Ba6 15. Bxa6 Rxa6 16. b4 Nd5 17. b5 Nc3 18. Qc2 cxb5 19. Rb3 Rc6 20.
Be5 Na4 21. Qd3 Nc5 22. Qxb5 Nxb3 23. axb3 Bxe5 24. Nxe5 Rd6 25. h3 Qb6 26.
Qa4 Qb4 27. Ra1 Qxa4 28. Rxa4 Rd1+ 29. Kh2 Ra8 30. b4 f6 31. Nc4 h5 32. bxa5
h4 33. g3 hxg3+ 34. Kxg3 Kf7 35. Nb6 Ra6 36. Nc4 Rb1 37. Kf3 Rb5 38. Ke4 d5+
{White resigns}
0-1

[Event "ICC tourney 2154 (40 10)"]
[Site "Internet Chess Club"]
[Date "2020.11.22"]
[Round "3"]
[White "nguyencaptures"]
[Black "solveur"]
[Result "0-1"]
[ICCResult "White checkmated"]
[WhiteElo "1142"]
[BlackElo "1285"]
[Opening "Giuoco Piano"]
[ECO "C54"]
[NIC "IG.02"]
[Time "15:34:31"]
[TimeControl "2400+10"]

1. e4 e5 2. Nf3 Nc6 3. Bc4 Bc5 4. c3 Nf6 5. d4 exd4 6. cxd4 Bb4+ 7. Nc3 Nxe4
8. O-O Bxc3 9. bxc3 d5 10. Bd3 Nf6 11. Re1+ Be6 12. Ba3 Ne7 13. Ng5 Qd7 14.
Nxe6 fxe6 15. Qb3 c6 16. Rab1 b6 17. Qb4 Kf7 18. c4 Rhd8 19. cxd5 Nexd5 20.
Qb3 Re8 21. Bc4 b5 22. Bxd5 Qxd5 23. Rb2 Qxd4 24. Rbe2 Qd5 25. Qg3 Qd7 26.
f4 Rad8 27. Bc5 a6 28. Qb3 Qd5 29. Qc2 Qd3 30. Qxd3 Rxd3 31. f5 e5 32. Be3
e4 33. Kf2 Ng4+ 34. Kg3 Nxe3 35. Rxe3 c5 36. Kf4 Rxe3 37. Rxe3 c4 38. g4 a5
39. g5 b4 40. h4 c3 41. h5 c2 42. Re1 Rd8 43. Rc1 Rc8 44. Kxe4 a4 45. Ke5 b3
46. axb3 axb3 47. f6 b2 48. Rh1 c1=Q 49. Rxc1 bxc1=Q 50. fxg7 Kxg7 51. Kf5
Rc5+ 52. Kg4 Qxg5+ 53. Kh3 Rc3+ 54. Kh2 Qg3+ 55. Kh1 Rc1# {White checkmated}
0-1

[Event "ICC tourney 2154 (40 10)"]
[Site "Internet Chess Club"]
[Date "2020.11.22"]
[Round "3"]
[White "allenfan"]
[Black "plamba"]
[Result "1-0"]
[ICCResult "Black checkmated"]
[WhiteElo "471"]
[BlackElo "535"]
[Opening "Giuoco Pianissimo"]
[ECO "C50"]
[NIC "IG.02"]
[Time "15:34:11"]
[TimeControl "2400+10"]

1. e4 e5 2. Nf3 Nc6 3. Bc4 Bc5 4. d3 h6 5. Be3 Bxe3 6. fxe3 a6 7. d4 exd4 8.
exd4 Nf6 9. Nc3 O-O 10. e5 Ng4 11. h3 Ne3 12. Qe2 Nxc4 13. Qxc4 d6 14. O-O
Be6 15. d5 Na5 16. Qb4 c5 17. Qf4 dxe5 18. Qxe5 Nc4 19. Qe4 Nd6 20. Qe3 Bf5
21. Rac1 b6 22. Na4 Nc4 23. Qb3 Qxd5 24. Rcd1 Qe6 25. Rfe1 Bxc2 26. Qxc2 Ne3
27. Qd3 Qxa2 28. Nxb6 Qxb2 29. Qxe3 Qxb6 30. Rd5 Rae8 31. Qxc5 Rxe1+ 32.
Nxe1 Qxc5+ 33. Rxc5 Ra8 34. Ra5 g5 35. Nd3 Rb8 36. Rxa6 Rb1+ 37. Kh2 Kg7 38.
Ne5 h5 39. Ra7 Rf1 40. Nf3 Kg6 41. Ra6+ f6 42. Ne5+ Kf5 43. Nd7 Kg6 44. g4
h4 45. Kg2 Rf4 46. Ne5+ Kg7 47. Nc6 f5 48. Nd8 Re4 49. gxf5 Rf4 50. Rg6+ Kf8
51. Ne6+ Kf7 52. Nxf4 Ke7 53. Rxg5 Kf6 54. Rh5 Ke5 55. Rxh4 Kxf5 56. Rg4 Ke5
57. h4 Kf5 58. Kg3 Ke5 59. Ne6 Kxe6 60. h5 Kf6 61. h6 Kf7 62. h7 Kf6 63.
h8=Q+ Kf5 64. Rg8 Ke4 65. Qf6 Kd5 66. Qe7 Kd4 67. Rd8+ Kc4 68. Qc7+ Kb5 69.
Rb8+ Ka6 70. Qb6# {Black checkmated} 1-0

[Event "ICC tourney 2154 (40 10)"]
[Site "Internet Chess Club"]
[Date "2020.11.22"]
[Round "3"]
[White "Dobralov"]
[Black "NikiSDKChess"]
[Result "1-0"]
[ICCResult "Black checkmated"]
[WhiteElo "1440"]
[BlackElo "685"]
[Opening "KGA: Fischer defense"]
[ECO "C34"]
[NIC "KG.02"]
[Time "15:34:31"]
[TimeControl "2400+10"]

1. e4 e5 2. f4 exf4 3. Nf3 d6 4. Bc4 Nc6 5. d4 Bg4 6. O-O Bxf3 7. Rxf3 Qf6
8. c3 g5 9. e5 dxe5 10. dxe5 Nxe5 11. Qe2 Ne7 12. Rf2 Qf5 13. g3 f3 14. Qf1
h5 15. Bb3 h4 16. Nd2 g4 17. Nc4 N7g6 18. Nxe5 Nxe5 19. Qb5+ c6 20. Qxb7 Rc8
21. Be3 hxg3 22. hxg3 Rd8 23. Rh2 Rxh2 24. Kxh2 Nc4 25. Re1 Nxe3 26. Rxe3+
Qe6 27. Rxe6+ fxe6 28. Qxc6+ Rd7 29. Qxe6+ Re7 30. Qg6+ Kd8 31. Qxg4 Re2+
32. Kh3 Rh2+ 33. Kxh2 f2 34. Qf3 Bc5 35. Kg2 a5 36. Qd5+ Ke8 37. Qxc5 f1=Q+
38. Kxf1 a4 39. Bxa4+ Kf7 40. Qd5+ Kg6 41. Qe4+ Kg5 42. Qf4+ Kh5 43. Be8#
{Black checkmated}
1-0

[Event "ICC tourney 2154 (40 10)"]
[Site "Internet Chess Club"]
[Date "2020.11.22"]
[Round "3"]
[White "joeandjoe28"]
[Black "standingwriter"]
[Result "1-0"]
[ICCResult "Black checkmated"]
[WhiteElo "1428"]
[BlackElo "987"]
[Opening "Petrov's defense"]
[ECO "C42"]
[NIC "RG.03"]
[Time "15:34:02"]
[TimeControl "2400+10"]

1. e4 e5 2. Nf3 Nf6 3. Nxe5 Nc6 4. Nf3 Nxe4 5. Nc3 Nf6 6. d4 Bb4 7. Bd2 O-O
8. a3 Ba5 9. Be2 Re8 10. O-O d5 11. Bb5 Bd7 12. b4 Bb6 13. Bg5 Bg4 14. Be2
Bxf3 15. Bxf3 Bxd4 16. Qd2 Bxc3 17. Qxc3 d4 18. Qd2 h6 19. Bxf6 Qxf6 20. a4
Rab8 21. Rad1 a6 22. a5 Qd6 23. Rb1 Re5 24. Rfd1 Rg5 25. g3 Rb5 26. Bxc6
bxc6 27. Qxd4 Rxb4 28. Qxd6 cxd6 29. Rxb4 Rxb4 30. Rxd6 Rc4 31. Rd2 Kh7 32.
Kf1 Kg6 33. Ke2 Kf5 34. h3 Rc5 35. g4+ Kg5 36. Rd7 Rxa5 37. Rxf7 Kg6 38. Rc7
Rc5 39. Kd3 Kf6 40. c3 g6 41. Kd4 Ra5 42. Rxc6+ Kg5 43. Rc5+ Rxc5 44. Kxc5
Kh4 45. Kd4 Kxh3 46. c4 Kxg4 47. c5 h5 48. c6 h4 49. c7 h3 50. c8=Q+ Kh4 51.
Qd8+ Kg4 52. Qd7+ Kh4 53. Qe7+ g5 54. Qe4+ g4 55. Qh1 g3 56. fxg3+ Kxg3 57.
Kc5 h2 58. Kb6 Kh3 59. Kxa6 Kg3 60. Kb5 Kh3 61. Kc4 Kg3 62. Kd4 Kh3 63. Ke3
Kg3 64. Qf3+ Kh4 65. Qg2 h1=Q 66. Qxh1+ Kg4 67. Qf3+ Kg5 68. Ke4 Kg6 69. Ke5
Kg5 70. Qf4+ Kg6 71. Qf5+ Kg7 72. Qf6+ Kg8 73. Qe7 Kh8 74. Kf6 Kg8 75. Qg7#
{Black checkmated}
1-0

[Event "ICC tourney 2154 (40 10)"]
[Site "Internet Chess Club"]
[Date "2020.11.22"]
[Round "3"]
[White "wawama"]
[Black "Mannansh"]
[Result "1/2-1/2"]
[ICCResult "Game drawn by mutual agreement"]
[WhiteElo "1299"]
[BlackElo "1206"]
[Opening "Queen's bishop game"]
[ECO "D02"]
[NIC "QP.06"]
[Time "15:34:03"]
[TimeControl "2400+10"]

1. d4 Nf6 2. Nf3 d5 3. Bf4 e6 4. a3 c6 5. e3 Nbd7 6. Nbd2 b6 7. h3 c5 8. c3
Nb8 9. b3 Bd6 10. Bxd6 Qxd6 11. a4 Nc6 12. Be2 O-O 13. O-O Bb7 14. Nh2 e5
15. dxe5 Nxe5 16. Ndf3 Rad8 17. Qc2 d4 18. Nxe5 Qxe5 19. exd4 cxd4 20. cxd4
Qxd4 21. Nf3 Qb4 22. Rfd1 Rc8 23. Qb2 Bd5 24. Rd3 Be4 25. Rd4 Qe7 26. Rc1 h6
27. Rc3 Rxc3 28. Qxc3 Bxf3 29. Bxf3 Re8 30. Rd1 Ne4 31. Qa1 Qc5 32. Qb2 Qb4
33. Qc2 Nc5 34. Rb1 Re1+ 35. Rxe1 Qxe1+ 36. Kh2 Qb4 37. Bd5 Nxa4 38. Qc8+
Kh7 39. Qf5+ Kh8 40. bxa4 Qxa4 41. Qxf7 Kh7 42. Qf5+ Kh8 43. Qf8+ Kh7 44.
Qe7 Qf4+ 45. Kg1 Qc1+ 46. Kh2 Qf4+ 47. g3 Qxf2+ 48. Kh1 Qf1+ 49. Kh2 Qf2+
50. Bg2 a5 51. Qe4+ Kg8 52. Qe6+ Kh7 53. Qe4+ Kg8 54. Qc4+ Kh7 55. Qd3+ Kh8
56. Qd8+ Kh7 57. Qd3+ Kg8 58. Qf3 Qxf3 59. Bxf3 a4 60. Bd5+ Kf8 61. Kg2 b5
62. Bc6 a3 63. Bd5 b4 64. Kf2 Ke7 65. Ke2 Kd6 66. Bb3 Kc5 67. Kd3 g6 68. g4
g5 69. Ke4 Kd6 70. Kf5 Kc5 71. Ke5 Kc6 72. Kd4 Kb5 73. Kd5 Ka5 74. Kc5 Ka6
75. Kxb4 Kb6 76. Kxa3 Kc5 77. Bc2 Kd4 78. Bf5 Ke3 79. Kb4 Kf4 80. Kc4
{Game drawn by mutual agreement}
1/2-1/2

[Event "ICC tourney 2154 (40 10)"]
[Site "Internet Chess Club"]
[Date "2020.11.22"]
[Round "3"]
[White "wawaba"]
[Black "ethansun188"]
[Result "0-1"]
[ICCResult "White checkmated"]
[WhiteElo "209"]
[BlackElo "895"]
[Opening "Giuoco Piano"]
[ECO "C54"]
[NIC "IG.02"]
[Time "15:34:12"]
[TimeControl "2400+10"]

1. e4 e5 2. Nf3 Nc6 3. Bc4 Bc5 4. c3 Nf6 5. d3 d6 6. Be3 Bb6 7. h3 Bd7 8.
Nbd2 O-O 9. Nb3 Re8 10. O-O Be6 11. Bb5 Qe7 12. Re1 Rad8 13. Bxb6 axb6 14.
d4 Bxb3 15. axb3 Rf8 16. d5 Nb8 17. Bd3 Nbd7 18. b4 Ra8 19. b3 Kh8 20. c4
Nh5 21. Qd2 Nf4 22. Kh2 Nf6 23. g3 Ng6 24. b5 h6 25. b4 Qe8 26. Rac1 Qe7 27.
Qc2 Ra3 28. Be2 Rfa8 29. Bd3 Ra2 30. Qd1 Rxf2+ 31. Kg1 Rfa2 32. Re2 Rxe2 33.
Qxe2 Nh5 34. Kh2 Ra3 35. Qc2 Qd8 36. Be2 Qa8 37. Re1 Qa4 38. Qxa4 Rxa4 39.
Rb1 Ra2 40. Re1 Nf6 41. Kg2 Nxe4 42. Ng1 Nc3 43. Kf1 Nxe2 44. Nxe2 Ra4 45.
Rb1 Ne7 46. Nc3 Ra3 47. Rc1 Nf5 48. Kf2 Nd4 49. Nb1 Rb3 50. Nd2 Rb2 51. Ke3
Rxd2 52. Kxd2 Nb3+ 53. Kc2 Nxc1 54. Kxc1 Kh7 55. c5 Kg6 56. Kd2 Kf5 57. Ke3
g5 58. g4+ Kg6 59. Ke4 h5 60. c6 bxc6 61. bxc6 b5 62. Kf3 f5 63. Kg3 hxg4
64. hxg4 fxg4 65. Kxg4 Kf6 66. Kf3 Kf5 67. Kg3 e4 68. Kf2 Kf4 69. Ke2 g4 70.
Kf2 g3+ 71. Kg2 e3 72. Kf1 Kf3 73. Kg1 e2 74. Kh1 e1=R# {White checkmated}
0-1

[Event "ICC tourney 2154 (40 10)"]
[Site "Internet Chess Club"]
[Date "2020.11.22"]
[Round "3"]
[White "PeterSlapa"]
[Black "Dhruti813kob36"]
[Result "1-0"]
[ICCResult "Black checkmated"]
[WhiteElo "1224"]
[BlackElo "1420"]
[Opening "Nimzovich-Larsen attack: modern variation"]
[ECO "A01"]
[NIC "VO.08"]
[Time "15:34:02"]
[TimeControl "2400+10"]

1. b3 e5 2. Bb2 Nc6 3. e3 d5 4. Bb5 Bd6 5. Nf3 Qe7 6. c4 Nf6 7. c5 Bxc5 8.
Nxe5 Bd7 9. Bxc6 Bxc6 10. Nxc6 bxc6 11. Qf3 O-O 12. Bxf6 Qxf6 13. Qxf6 gxf6
14. Nc3 Rfe8 15. O-O Bd6 16. d4 f5 17. Rac1 f4 18. Nd1 Re6 19. Re1 Rh6 20.
h3 f3 21. Kh1 fxg2+ 22. Kxg2 Kh8 23. Rxc6 Rg8+ 24. Kf1 Rxh3 25. Ke2 Rh2 26.
Rf1 Rhg2 27. Nc3 R2g5 28. Nb5 R8g6 29. Nxd6 cxd6 30. Rc7 Kg7 31. Rxa7 Rg1
32. Rc7 h5 33. Rcc1 R1g5 34. b4 h4 35. Rh1 Rh5 36. b5 Rh8 37. b6 Rgh6 38. b7
Rb8 39. Rb1 Kg6 40. a4 f5 41. a5 Rh7 42. a6 h3 43. a7 Rbxb7 44. Rxb7 Rxb7
45. a8=Q Rh7 46. Qe8+ Kg5 47. Qg8+ Kh6 48. Rg1 h2 49. Qg5# {Black
checkmated} 1-0

[Event "ICC tourney 2154 (40 10)"]
[Site "Internet Chess Club"]
[Date "2020.11.22"]
[Round "4"]
[White "falcon2020"]
[Black "allenfan"]
[Result "1-0"]
[ICCResult "Black checkmated"]
[WhiteElo "1208"]
[BlackElo "502"]
[Opening "Queen's pawn: London system"]
[ECO "A45"]
[NIC "QP.07"]
[Time "17:46:07"]
[TimeControl "2400+10"]

1. d4 Nf6 2. Bf4 d5 3. e3 Bf5 4. c3 e6 5. Bd3 Bg6 6. Nf3 Bd6 7. Bg3 Bxg3 8.
hxg3 Nc6 9. Bc2 O-O 10. Bd3 Re8 11. Ne5 Nxe5 12. dxe5 Nd7 13. f4 Nc5 14.
Bxg6 fxg6 15. Qc2 Ne4 16. g4 Ng3 17. Rh3 Ne4 18. Nd2 Nxd2 19. Kxd2 c5 20.
Rah1 d4 21. exd4 cxd4 22. Kc1 Rf8 23. Rxh7 Qe8 24. Qe4 dxc3 25. Qxb7 cxb2+
26. Kb1 Rf7 27. Rh8# {Black checkmated} 1-0

[Event "ICC tourney 2154 (40 10)"]
[Site "Internet Chess Club"]
[Date "2020.11.22"]
[Round "4"]
[White "ethansun188"]
[Black "thanhcaptures"]
[Result "1-0"]
[ICCResult "Black checkmated"]
[WhiteElo "952"]
[BlackElo "1179"]
[Opening "Giuoco Piano"]
[ECO "C54"]
[NIC "IG.02"]
[Time "17:46:20"]
[TimeControl "2400+10"]

1. e4 e5 2. Nf3 Nc6 3. Bc4 Bc5 4. c3 Nf6 5. d4 exd4 6. cxd4 Bb4+ 7. Bd2
Bxd2+ 8. Nbxd2 O-O 9. d5 Na5 10. Bd3 b6 11. O-O c6 12. d6 Re8 13. e5 Ng4 14.
Re1 c5 15. Qa4 Nh6 16. Qe4 f5 17. Qxa8 Nc6 18. Bb5 Rf8 19. Bxc6 dxc6 20.
Qxc6 Ba6 21. e6 Qb8 22. e7 Re8 23. d7 Kf7 24. Qe6# {Black checkmated} 1-0

[Event "ICC tourney 2154 (40 10)"]
[Site "Internet Chess Club"]
[Date "2020.11.22"]
[Round "4"]
[White "NikiSDKChess"]
[Black "wawaba"]
[Result "0-1"]
[ICCResult "White checkmated"]
[WhiteElo "663"]
[BlackElo "330"]
[Opening "Konstantinopolsky opening"]
[ECO "C44"]
[NIC "KP.10"]
[Time "17:46:47"]
[TimeControl "2400+10"]

1. e4 e5 2. Nf3 Nc6 3. g3 Nf6 4. Nc3 Bc5 5. Bh3 h6 6. O-O O-O 7. Bg2 d6 8.
Nh4 Bg4 9. Bf3 Bd7 10. Nd5 Nxd5 11. exd5 Nd4 12. c3 Nxf3+ 13. Qxf3 Bh3 14.
Re1 Bd7 15. b4 Bb6 16. a4 a6 17. a5 Ba7 18. Qd3 Bh3 19. Nf3 Re8 20. Qb1 Qf6
21. d4 Qxf3 22. Qe4 Qxe4 23. Rxe4 exd4 24. cxd4 Rxe4 25. Bf4 Bxd4 26. Be3
Bxe3 27. fxe3 Rxe3 28. Kf2 Rae8 29. g4 Bxg4 30. Rg1 Re2+ 31. Kg3 Bf5 32. Kf4
Bh7 33. Kf3 R8e3+ 34. Kf4 Rd3 35. Rc1 Re4# {White checkmated} 0-1

[Event "ICC tourney 2154 (40 10)"]
[Site "Internet Chess Club"]
[Date "2020.11.22"]
[Round "4"]
[White "wildrumpus"]
[Black "danielcao"]
[Result "1-0"]
[ICCResult "Black checkmated"]
[WhiteElo "1484"]
[BlackElo "1045"]
[Opening "Queen's pawn game"]
[ECO "A45"]
[NIC "QP.07"]
[Time "17:46:26"]
[TimeControl "2400+10"]

1. d4 Nf6 2. e3 g6 3. Nf3 Bg7 4. Be2 O-O 5. O-O d5 6. b4 Be6 7. Ng5 Bd7 8.
c4 dxc4 9. Bxc4 h6 10. Nf3 b5 11. Bd3 Nd5 12. a3 a5 13. e4 Nb6 14. bxa5 Rxa5
15. Bd2 Ra7 16. Qc1 Na6 17. Bxh6 Nb4 18. Bxg7 Nxd3 19. Qh6 f6 20. Nh4 g5 21.
Ng6 Nf4 22. Bxf8 Nxg6 23. Qg7# {Black checkmated} 1-0

[Event "ICC tourney 2154 (40 10)"]
[Site "Internet Chess Club"]
[Date "2020.11.22"]
[Round "4"]
[White "plamba"]
[Black "shreyanshdaga"]
[Result "1/2-1/2"]
[ICCResult "Game drawn because neither player has mating material"]
[WhiteElo "520"]
[BlackElo "356"]
[Opening "Sicilian defense"]
[ECO "B20"]
[NIC "SI.48"]
[Time "17:46:08"]
[TimeControl "2400+10"]

1. e4 c5 2. Bc4 Nc6 3. Nf3 d6 4. h3 Nf6 5. Ng5 e6 6. d3 g6 7. Bd2 Bg7 8. Nc3
O-O 9. O-O e5 10. a3 a6 11. Nd5 b5 12. Ba2 Nd4 13. c3 Nc6 14. Qf3 a5 15.
Nxf6+ Bxf6 16. Qg3 h6 17. Nf3 b4 18. Qxg6+ Kh8 19. Bxh6 Rg8 20. Qxf7 Bd7 21.
Qxg8+ Qxg8 22. Bxg8 Rxg8 23. axb4 axb4 24. Ra7 Bxh3 25. Rf7 Rxg2+ 26. Kh1
Be7 27. Rg1 Rxg1+ 28. Nxg1 Be6 29. Rf3 bxc3 30. bxc3 d5 31. Rg3 dxe4 32.
dxe4 Bh4 33. Rf3 Bg4 34. Rf8+ Kh7 35. Be3 Kg7 36. Bxc5 Ne7 37. Bxe7 Bxe7 38.
Rd8 Bxd8 39. f3 Be6 40. Ne2 Ba5 41. Kg2 Kf6 42. Kg3 Kg5 43. f4+ exf4+ 44.
Nxf4 Bc4 45. Nd5 Bxd5 46. exd5 Bxc3 47. Kf3 Bf6 48. Ke4 Kg6 49. d6 Kf7 50.
Kd5 Ke8 51. Kc6 Kf7 52. Kc7 Ke8 53. d7+ Kf7 54. d8=Q Bxd8+
{Game drawn because neither player has mating material}
1/2-1/2

[Event "ICC tourney 2154 (40 10)"]
[Site "Internet Chess Club"]
[Date "2020.11.22"]
[Round "4"]
[White "solveur"]
[Black "joeandjoe28"]
[Result "1-0"]
[ICCResult "Black checkmated"]
[WhiteElo "1315"]
[BlackElo "1413"]
[Opening "Grünfeld: exchange variation"]
[ECO "D85"]
[NIC "GI.04"]
[Time "17:46:17"]
[TimeControl "2400+10"]

1. d4 Nf6 2. c4 g6 3. Nc3 d5 4. cxd5 Nxd5 5. e4 Nxc3 6. bxc3 Bg7 7. Be3 c5
8. Nf3 O-O 9. Bc4 Qc7 10. Rc1 Nc6 11. O-O Bg4 12. e5 Rfd8 13. Qa4 a6 14. Be2
Rd7 15. h3 Bf5 16. Rfd1 Rad8 17. Nh4 Be6 18. f4 cxd4 19. cxd4 Qb6 20. Nf3
Bf5 21. Qb3 Qxb3 22. axb3 f6 23. Bc4+ Kf8 24. e6 Rd6 25. d5 Bxe6 26. Bc5
R6d7 27. Bb6 Bxd5 28. Bxd8 Rxd8 29. Rxd5 Rc8 30. Bxa6 bxa6 31. Rdc5 Rb8 32.
Rxc6 Rxb3 33. Rxa6 f5 34. Ng5 h6 35. Ra8+ Rb8 36. Rxb8# {Black checkmated}
1-0

[Event "ICC tourney 2154 (40 10)"]
[Site "Internet Chess Club"]
[Date "2020.11.22"]
[Round "4"]
[White "MadiChesskid"]
[Black "Dobralov"]
[Result "1-0"]
[ICCResult "Black resigns"]
[WhiteElo "1343"]
[BlackElo "1419"]
[Opening "Réti opening"]
[ECO "A30"]
[NIC "QP.10"]
[Time "17:47:00"]
[TimeControl "2400+10"]

1. Nf3 c5 2. c4 Nc6 3. e3 g6 4. d4 d6 5. d5 Na5 6. e4 Bg7 7. Nc3 Bd7 8. Be2
Rb8 9. Be3 a6 10. O-O Nf6 11. Qc2 b5 12. b3 Ng4 13. h3 Nxe3 14. fxe3 b4 15.
Na4 Bxa1 16. Rxa1 O-O 17. e5 Bxa4 18. bxa4 b3 19. axb3 Rxb3 20. Bd3 Qc7 21.
e6 f6 22. Bxg6 Rfb8 23. Bxh7+ Kh8 24. Qg6 Qd8 25. Qh5 Qe8 26. Bg6+
{Black resigns}
1-0

[Event "ICC tourney 2154 (40 10)"]
[Site "Internet Chess Club"]
[Date "2020.11.22"]
[Round "4"]
[White "Mannansh"]
[Black "andrewj508"]
[Result "0-1"]
[ICCResult "White resigns"]
[WhiteElo "1193"]
[BlackElo "1276"]
[Opening "Two knights defense"]
[ECO "C55"]
[NIC "KP.02"]
[Time "17:46:24"]
[TimeControl "2400+10"]

1. e4 e5 2. Nf3 Nc6 3. d4 exd4 4. Bc4 Nf6 5. O-O d6 6. Nxd4 Be7 7. Nc3 O-O
8. Re1 Ne5 9. Bb3 c5 10. Nf5 Bxf5 11. exf5 Qd7 12. Bd5 Rfe8 13. Bf4 Qxf5 14.
Bxe5 dxe5 15. Qe2 Bd6 16. Nb5 Qd7 17. Rad1 Bf8 18. Qf3 e4 19. Qb3 a6 20. Nc3
Rab8 21. Nxe4 Nxe4 22. Bxe4 Rxe4 23. h3 Rxe1+ 24. Rxe1 Qd2 25. Re3 Bd6 26.
g3 b5 27. Rf3 c4 28. Qe3 Qxe3 29. Rxe3 Kf8 30. Kf1 Re8 31. Rxe8+ Kxe8 32.
Ke2 Ke7 33. Ke3 Ke6 34. Kd4 Be5+ 35. Kc5 Bxb2 36. Kb4 Bd4 37. Ka5 Bxf2 38.
Kxa6 b4 39. Ka5 b3 40. axb3 cxb3 41. cxb3 Bxg3 42. b4 Ke5 43. b5 Ke4 44. b6
Kf3 45. b7 Kg2 46. Ka6 Bb8 47. h4 Kh3 48. h5 f5 49. h6 g6 50. Kb6 f4 51. Kc5
f3 52. Kd4 f2 53. Ke3 f1=Q {White resigns} 0-1

[Event "ICC tourney 2154 (40 10)"]
[Site "Internet Chess Club"]
[Date "2020.11.22"]
[Round "4"]
[White "standingwriter"]
[Black "danielfan"]
[Result "0-1"]
[ICCResult "White resigns"]
[WhiteElo "852"]
[BlackElo "591"]
[Opening "Two knights defense"]
[ECO "C58"]
[NIC "KP.01"]
[Time "17:46:29"]
[TimeControl "2400+10"]

1. e4 e5 2. Nf3 Nc6 3. Bc4 Nf6 4. Ng5 d5 5. exd5 Na5 6. Bb5+ c6 7. dxc6 bxc6
8. Bd3 Bc5 9. O-O O-O 10. Nc3 Re8 11. a3 Nb7 12. h3 Nd6 13. b4 Bd4 14. Bb2
Nd5 15. Nge4 Nxc3 16. Nxc3 Bxc3 17. Bxc3 e4 18. Be2 Qg5 19. Bg4 f5 20. Be2
f4 21. Bg4 f3 22. Bxf3 exf3 23. Qxf3 Bb7 24. Rab1 c5 25. Qg3 Qxg3 26. fxg3
cxb4 27. Bxb4 Nf7 28. Bc3 Ba6 29. Rf4 g5 30. Rg4 h5 31. Ra4 Re6 32. h4 g4
33. Ra5 Rae8 34. Rxh5 Re1+ 35. Rxe1 Rxe1+ 36. Kh2 Nd6 37. Rh8+ Kf7 38. Rh7+
Kg8 39. Rh6 Ne4 40. Re6 Kf7 41. Re5 Re2 42. d3 Nxc3 43. Ra5 Bc8 44. Rxa7+
Re7 45. Ra8 Bb7 46. Rh8 Kg7 47. Rh5 Re2 48. Rg5+ Kh6 49. Rc5 Rxg2+ 50. Kh1
Rxc2+ 51. Kg1 Ne2+ {White resigns} 0-1

[Event "ICC tourney 2154 (40 10)"]
[Site "Internet Chess Club"]
[Date "2020.11.22"]
[Round "4"]
[White "wawama"]
[Black "PeterSlapa"]
[Result "1-0"]
[ICCResult "Black checkmated"]
[WhiteElo "1340"]
[BlackElo "1192"]
[Opening "Queen's bishop game"]
[ECO "D02"]
[NIC "QP.08"]
[Time "17:46:09"]
[TimeControl "2400+10"]

1. d4 d5 2. Nf3 Nf6 3. Bf4 e6 4. a3 c5 5. c3 Qa5 6. Nbd2 Nc6 7. e3 Bd7 8.
Be2 Be7 9. h3 Rc8 10. O-O O-O 11. Rb1 Rfe8 12. Bh2 h6 13. Qc2 c4 14. Ne5
Nxe5 15. Bxe5 b5 16. Rfc1 Qb6 17. Qd1 Bd6 18. Bxf6 gxf6 19. Bf1 Qc7 20. Qh5
Kg7 21. Qg4+ Kh7 22. Qf3 f5 23. Kh1 Rg8 24. Qe2 e5 25. dxe5 Bxe5 26. Nf3 Bd6
27. Rd1 Be6 28. Qc2 Rg7 29. Nd4 Rcg8 30. Nxf5 Rg6 31. Nxd6 Qxd6 32. g3 Kh8
33. Rd2 Rxg3 34. fxg3 Qxg3 35. Rg2 Qxh3+ 36. Rh2 Qf3+ 37. Bg2 Qxe3 38. Rg1
Qf4 39. Qc1 Rg4 40. Qxf4 Rxf4 41. Rxh6+ Kg7 42. Rh2 Kf6 43. Bh3 Bxh3 44.
Rxh3 Rf2 45. Rh2 Rf4 46. Kg2 d4 47. cxd4 Rxd4 48. Rf1+ Ke6 49. Kh1 f5 50.
Re2+ Re4 51. Rh2 a5 52. Rh6+ Ke5 53. Rc1 Re2 54. Rh2 Re3 55. Rf2 f4 56. Rcf1
Re4 57. Kg2 b4 58. axb4 axb4 59. Rc2 Kd4 60. Rd1+ Ke3 61. Re1+ Kd3 62. Rxe4
Kxc2 63. Rxc4+ Kb3 64. Rxf4 Ka4 65. Rf2 Kb3 66. Kf3 Ka2 67. Ke3 b3 68. Kd3
Kb1 69. Kc3 Ka2 70. Rf4 Kb1 71. Rb4 Ka2 72. Rxb3 Ka1 73. Ra3+ Kb1 74. b3 Kc1
75. Ra1# {Black checkmated} 1-0

[Event "ICC tourney 2154 (40 10)"]
[Site "Internet Chess Club"]
[Date "2020.11.22"]
[Round "4"]
[White "Dhruti813kob36"]
[Black "nguyencaptures"]
[Result "1-0"]
[ICCResult "Black checkmated"]
[WhiteElo "1425"]
[BlackElo "1137"]
[Opening "Ruy Lopez: Berlin defense, Beverwijk variation"]
[ECO "C65"]
[NIC "RL.07"]
[Time "17:46:11"]
[TimeControl "2400+10"]

1. e4 e5 2. Nf3 Nc6 3. Bb5 Nf6 4. O-O Bc5 5. d3 O-O 6. Bxc6 dxc6 7. Nxe5 Re8
8. Nf3 Ng4 9. Nc3 Be6 10. Bf4 Qb8 11. d4 Bb4 12. a3 Bxc3 13. bxc3 b5 14. Ng5
Nf6 15. Nxe6 fxe6 16. Qf3 Rf8 17. Rfe1 Qe8 18. Qh3 Rc8 19. Bg3 Nh5 20. d5
Nxg3 21. fxg3 exd5 22. exd5 Qf7 23. Qe6 cxd5 24. Qxf7+ Rxf7 25. Re5 Rd7 26.
Rae1 Kf7 27. Rf1+ Kg8 28. Rd1 c6 29. Rde1 Kf8 30. Rd1 Rb8 31. Kf2 Rb6 32.
Ke3 Ra6 33. Ra1 c5 34. Rf1+ Rf6 35. Rxf6+ gxf6 36. Re6 Kf7 37. Rc6 d4+ 38.
cxd4 cxd4+ 39. Kd3 Kg6 40. Rc5 a6 41. Rc6 Kg5 42. Rxa6 h5 43. Rb6 Rd5 44.
Ke4 Re5+ 45. Kxd4 Re2 46. Rxb5+ f5 47. c4 Rxg2 48. c5 Rc2 49. Rb4 Kf6 50.
Kd5 Ke7 51. Rh4 Rd2+ 52. Kc6 Rd3 53. Rxh5 Rxa3 54. Rxf5 Ra2 55. h4 Rg2 56.
Rf3 Rh2 57. Kc7 Rh3 58. c6 Rh2 59. Re3+ Kf7 60. Kc8 Rc2 61. c7 Rd2 62. Re4
Rd6 63. Kb7 Rd3 64. c8=Q Rb3+ 65. Kc7 Rc3+ 66. Kd7 Rxc8 67. Kxc8 Kg6 68. Re5
Kh6 69. Kd7 Kg6 70. Ke6 Kh6 71. Rg5 Kh7 72. Kf5 Kh6 73. Kf6 Kh7 74. Rh5+ Kg8
75. Kg6 Kf8 76. Rh7 Kg8 77. Ra7 Kf8 78. Rg7 Ke8 79. h5 Kf8 80. h6 Ke8 81. h7
Kf8 82. h8=Q# {Black checkmated} 1-0